 Dungeon Crawl Stone Soup version 0.31-a0-1074-g0b22e4e0f1 (webtiles) character file.

Game seed: 3774394335864055102

5131 wildpjah the Skirmisher (level 10, 0/53 HPs)
             Began as a Spriggan Hunter on Dec 5, 2023.
             Was a Priest of Okawaru.
             Succumbed to a killer bee's poison
             ... on level 9 of the Dungeon.
             The game lasted 00:12:52 (7627 turns).

wildpjah the Skirmisher (Spriggan Hunter)           Turns: 7627, Time: 00:12:53

Health: 0/53       AC:  3    Str:  7    XL:     10   Next: 33%
Magic:  5/11       EV: 27    Int: 10    God:    Okawaru [***...]
Gold:   447        SH:  0    Dex: 24    Spells: 7/9 levels left

rFire   . . .        a - +0 shortbow
rCold   . . .        (shield currently unavailable)
rNeg    . . .        c - +0 robe
rPois   .            (helmet restricted)
rElec   .            C - +0 cloak
rCorr   .            (gloves unavailable)
SInv    +            (boots unavailable)
Will    +....        (no amulet)
Stlth   ++++         B - +4 ring of slaying
HPRegen 0.28/turn    (no ring)
MPRegen 0.12/turn

%: no passive effects
@: lethally poisoned (0 -> -11), heroic, on blink cooldown, very slightly
contaminated, studying Shields, very quick
A: very small, no large weapons, unfitting armour, see invisible, speed 3
a: Renounce Religion, Heroism


You were on level 9 of the Dungeon.
You worshipped Okawaru.
Okawaru was most pleased with you.
You visited 1 branch of the dungeon, and saw 9 of its levels.

You collected 447 gold pieces.

Inventory:

Hand Weapons
 a - a +0 shortbow (weapon)
Armour
 c - a +0 robe (worn)
 C - a +0 cloak (worn)
Jewellery
 i - a ring of fire
 w - a ring of fire
 B - a +4 ring of slaying (left hand)
 D - an amulet of reflection
Wands
 u - a wand of flame (10)
 H - a wand of roots (2)
Scrolls
 b - a scroll of butterflies
 g - 2 scrolls of teleportation {unknown}
 l - a scroll of brand weapon {unknown}
 m - 2 scrolls of amnesia {unknown}
 p - 3 scrolls of enchant armour {unknown}
 q - 4 scrolls of revelation {unknown}
 r - 3 scrolls of poison {unknown}
 t - 5 scrolls of noise {unknown}
 x - a scroll of immolation {unknown}
 y - 7 scrolls of identify {unknown}
 A - a scroll of enchant weapon {unknown}
 E - a scroll of vulnerability {unknown}
 F - a scroll of blinking {unknown}
 G - a scroll of fog {unknown}
 I - a scroll of fear {unknown}
Potions
 d - 2 potions of might {unknown}
 e - a potion of magic {unknown}
 f - 2 potions of haste {unknown}
 h - a potion of attraction {unknown}
 j - 3 potions of mutation {unknown}
 k - 5 potions of lignification {unknown}
 n - a potion of invisibility {unknown}
 o - 5 potions of curing {unknown}
 s - 2 potions of heal wounds {unknown}
 v - a potion of enlightenment {unknown}
 z - 2 potions of brilliance {unknown}


   Skills:
 + Level 6.2(11.2) Fighting
 + Level 13.4(18.4) Ranged Weapons
 + Level 5.2(10.2) Dodging
 + Level 3.4(8.4) Stealth
 + Level 0.1 Invocations


You had 7 spell levels left.
You knew the following spells:

 Your Spells              Type           Power      Damage    Failure   Level
a - Blink                 Tloc           0%         N/A       50%         2

Your spell library contained the following spells:

 Spells                   Type           Power      Damage    Failure   Level
 Sandblast                Erth           0%         2d4       36%         1
 Sting                    Tmut/Pois      0%         1d3       36%         1
 Lesser Beckoning         Tloc           0%         N/A       50%         2
 Momentum Strike          Conj/Tloc      0%         3d8       50%         2
 Passwall                 Tmut/Erth      0%         N/A       50%         2
 Poisonous Vapours        Pois/Air       0%         N/A       50%         2
 Sublimation of Blood     Necr           0%         N/A       50%         2
 Wereblood                Tmut           0%         N/A       50%         2
 Mephitic Cloud           Conj/Pois/Air  0%         N/A       75%         3
 Stone Arrow              Conj/Erth      0%         3d7       75%         3
 Brom's Barrelling Bould  Conj/Erth      0%         2d3       98%         4
 Leda's Liquefaction      Hex/Erth       0%         N/A       98%         4
 Olgreb's Toxic Radiance  Pois           0%         N/A       98%         4
 Freezing Cloud           Conj/Ice/Air   0%         6-21      100%        5
 Lee's Rapid Deconstruct  Erth           0%         3d4*      100%        5
 Bombard                  Conj/Erth      0%         9d1       100%        6
 Summon Hydra             Summ           Unusable   N/A       N/A         7

Dungeon Overview and Level Annotations

Branches:
Dungeon (9/15)             Temple (0/1) D:6
   Lair: D:8-11         Orc: D:9-12

Altars:
Cheibriados
Dithmenos
Fedhas
Gozag
Hepliaklqana
Makhleb
Nemelex Xobeh
Okawaru
Vehumet
Wu Jian
Xom
Yredelemnul


Innate Abilities, Weirdness & Mutations

You are very small and have problems with some larger weapons.
You are too small for most types of armour.
You have supernaturally acute eyesight. (SInv)
You cover ground extremely quickly. (Speed+++)


Message History

You gain the combat prowess of a mighty hero.
You feel very sick. The killer bee completely misses you.
You shoot an arrow. The arrow hits the killer bee.
The killer bee is lightly wounded.
You feel sick. The killer bee misses you.
You shoot an arrow. The arrow hits the killer bee!
The killer bee is severely wounded.
You feel sick.
You hear an angry buzzing noise.
The killer bee misses you.
The two-headed ogre hits you with a +0 giant spiked club!!
The two-headed ogre barely misses you.
You shoot an arrow. The arrow hits the killer bee.
The killer bee is almost dead.
You feel sick.
A killer bee comes into view.
The killer bee stings you.
* * * LOW HITPOINT WARNING * * *
The killer bee stings you.
* * * LOW HITPOINT WARNING * * *
You are lethally poisoned!
The killer bee poisons you!
Okay, then.
Okay, then.
Casting: Blink (dangerous; 50% risk of failure)
Confirm with . or Enter, or press ? or * to list all spells.
You miscast Blink.
You are very lightly contaminated with residual magic.
Nothing appears to happen.
* * * LOW HITPOINT WARNING * * *
You feel very sick. The killer bee misses you.
The two-headed ogre completely misses you. x2
The killer bee stings you.
* * * LOW HITPOINT WARNING * * *
Casting: Blink (dangerous; 50% risk of failure)
Confirm with . or Enter, or press ? or * to list all spells.
You blink.
You die...

####)###.# #.#
.).)...#)##########'######
######.#yyy§.##........_.#
...#...#.###O##..........##
##.#.###.# #o)#..........'.
...#.#...# ##.)..........#
.###.#.#.# ###.)........#
.#...#.#.# #.)).......#
.#.###.#.# #.@........#
...#...#.# #..........#
####.###.# ##'#########
.†...# ..# #.## ####'# ##
#..# #..# ##.# #.## #.# #.#
#'# ... ...


You could see a two-headed ogre.

Vanquished Creatures
  Pikel (D:4)
  A hornet (D:9)
  A troll (D:7)
  A wyvern (D:8)
  2 steam dragons
  Edmund (D:5)
  2 water moccasins
  2 ice beasts
  An orc warrior (D:9)
  Duvessa (D:6)
  2 sky beasts
  A black bear (D:4)
  6 ogres
  3 centaurs (D:8)
  A phantom (D:6)
  2 kobold brigands (D:8)
  2 bullfrogs (D:8)
  A gnoll sergeant (D:8)
  8 scorpions
  3 wights (D:7)
  Dowan (D:6)
  2 killer bees (D:9)
  2 howler monkeys
  3 orc priests
  3 hounds
  2 gnoll boudas
  A jelly (D:7)
  3 iguanas
  7 orc wizards
  8 gnolls
  7 adders
  2 shadow imps
  A white imp (D:5)
  2 ufetubi (D:6)
  2 dart slugs
  42 orcs
  2 bats
  3 endoplasms
  3 giant cockroaches
  12 goblins
  8 hobgoblins
  18 kobolds
  6 quokkas
  7 ball pythons
  3 frilled lizards (D:1)
  4 rats
196 creatures vanquished.

Notes
Turn   | Place    | Note
-------+----------+-------------------------------------------
     0 | D:1      | wildpjah the Spriggan Hunter began the quest for the Orb.
     0 | D:1      | Reached XP level 1. HP: 10/10 MP: 2/2
    73 | D:1      | Reached XP level 2. HP: 14/14 MP: 3/3
   650 | D:1      | Reached XP level 3. HP: 18/18 MP: 4/4
   888 | D:2      | Reached skill level 5 in Ranged Weapons
  1023 | D:2      | Found a faded altar of an unknown god.
  1570 | D:3      | Reached XP level 4. HP: 23/23 MP: 5/5
  1801 | D:3      | You fall into a shaft and drop 1 floor!
  2198 | D:4      | Reached skill level 6 in Ranged Weapons
  2332 | D:4      | Reached XP level 5. HP: 26/26 MP: 6/6
  2375 | D:4      | Found a blossoming altar of Fedhas.
  2378 | D:4      | Noticed a black bear
  2389 | D:4      | Killed a black bear
  2409 | D:4      | Reached XP level 6. HP: 30/30 MP: 7/7
  2562 | D:4      | Noticed an ice beast
  2594 | D:4      | Killed an ice beast
  2595 | D:4      | Reached skill level 7 in Ranged Weapons
  2782 | D:4      | Found a blossoming altar of Fedhas.
  2784 | D:4      | Found a sparkling altar of Nemelex Xobeh.
  2784 | D:4      | Found a stormy altar of Qazlal.
  2786 | D:4      | Found a shimmering altar of Xom.
  2786 | D:4      | Found a basalt altar of Yredelemnul.
  2786 | D:4      | Found a shimmering altar of Xom.
  2818 | D:5      | Entered Level 5 of the Dungeon
  2818 | D:5      | Noticed Pikel
  2910 | D:4      | Killed Pikel
  2911 | D:4      | Reached skill level 8 in Ranged Weapons
  2911 | D:4      | Reached XP level 7. HP: 36/36 MP: 8/8
  2963 | D:5      | Reached skill level 9 in Ranged Weapons
  2971 | D:5      | Learned a level 2 spell: Blink
  3144 | D:5      | Reached XP level 8. HP: 40/40 MP: 9/9
  3435 | D:5      | Found a sparkling altar of Nemelex Xobeh.
  3681 | D:5      | Reached skill level 10 in Ranged Weapons
  3711 | D:5      | Found an iron altar of Okawaru.
  3719 | D:5      | Became a worshipper of Warmaster Okawaru
  3789 | D:5      | Noticed Edmund
  3991 | D:5      | Killed Edmund
  4393 | D:6      | Reached * piety under Okawaru
  4402 | D:6      | Noticed Duvessa
  4403 | D:6      | Noticed Dowan
  4408 | D:6      | Killed Duvessa
  4409 | D:6      | Reached skill level 11 in Ranged Weapons
  4409 | D:6      | Reached XP level 9. HP: 46/46 MP: 10/10
  4428 | D:6      | Killed Dowan
  4533 | D:6      | Identified the +0 pair of gloves "Jemp" {Rampage rN+ Regen+
                  | Int-3}
  4538 | D:6      | Found a staircase to the Ecumenical Temple.
  4861 | D:6      | Reached skill level 5 in Fighting
  4910 | D:6      | Found a hazy altar of Hepliaklqana.
  4920 | D:6      | Found a basalt altar of Yredelemnul.
  4921 | D:6      | Found a burning altar of Makhleb.
  4921 | D:6      | Found a radiant altar of Vehumet.
  5082 | D:7      | Noticed a troll
  5091 | D:7      | Killed a troll
  5189 | D:7      | Reached ** piety under Okawaru
  5259 | D:7      | Reached skill level 12 in Ranged Weapons
  5295 | D:7      | Found an opulent altar of Gozag.
  5476 | D:7      | Found an ornate altar of the Wu Jian Council.
  5634 | D:7      | Reached skill level 5 in Dodging
  5801 | D:7      | Found a shadowy altar of Dithmenos.
  6035 | D:8      | Reached *** piety under Okawaru
  6036 | D:8      | Reached XP level 10. HP: 40/53 MP: 11/11
  6577 | D:8      | Reached skill level 13 in Ranged Weapons
  6663 | D:8      | Found a snail-covered altar of Cheibriados.
  7601 | D:9      | Noticed a two-headed ogre
  7627 | D:9      | Succumbed to a killer bee's poison

Illustrated notes

Levels and vault maps discovered:
D:1:      psy_arrival_basics, layout_basic, minmay_liquid_box
D:2:      layout_loops_ring, basic_ecumenical_altar
D:3:      layout_loops_ring
D:4:      minmay_spotlight, layout_rooms, doesnt_xom_only_xom,
          mainiacjoe_overflow_catwalk
D:5:      wad_river_or_something, layout_cave_pools, okawaru_altar_gauntlet_db,
          nemelex_spade_bored_becter, minmay_between, uniq_edmund, uniq_pikel
D:6:      layout_rooms, grunt_temple_overflow_open,
          minmay_temple_entry_statues_fountains, uniq_duvessa
D:7:      layout_loops_ring, general_overflow_altar,
          pdpol_wu_jian_five_deadly_venoms, grunt_gozag_statues
D:8:      layout_basic, mainiacjoe_overflow_chevrons
D:9:      layout_roguey [special_room_orc]

Skill      XL: |  1  2  3  4  5  6  7  8  9 10 |
---------------+-------------------------------+-----
Ranged Weapons | 5 6 8 9 11 12 13 | 13.4
Fighting       | 2 3 4 5 6 |  6.2
Stealth        | 2 3 |  3.4
Dodging        | 3 4 5 |  5.2
Invocations    | |  0.1

Action                     |  1- 3 |  4- 6 |  7- 9 | 10-12 || total
---------------------------+-------+-------+-------+-------++-------
   Fire: Shortbow          |   112 |   129 |   419 |   215 ||   875
   Cast: Blink             |       |       |       |     1 ||     1
 Invoke: Heroism           |       |       |     1 |     1 ||     2
  Evoke: Wand              |       |       |       |     1 ||     1
 Armour: Robe              |     6 |     4 |    37 |    37 ||    84
  Dodge: Dodged            |    27 |    12 |   103 |   109 ||   251

Table legend: (Time is in decaauts)
 A = Elapsed time spent in this place.
 B = Non-inter-level travel time spent in this place.
 C = Inter-level travel time spent in this place.
 D = Time resting spent in this place.
 E = Time spent auto-exploring this place.
 F = Levels seen in this place.
 G = Mean time per level.
                   A        B        C        D        E       F      G
               +--------+--------+--------+--------+--------+-----+--------+
         Total |   5362 |   5174 |    188 |      0 |   3844 |   9 |  595.8 |
       Dungeon |   5362 |   5174 |    188 |      0 |   3844 |   9 |  595.8 |
               +--------+--------+--------+--------+--------+-----+--------+

Top non-repeatable levels by time:
     D:5: 1047 daAuts
     D:8: 861 daAuts
     D:1: 587 daAuts
     D:6: 557 daAuts
     D:4: 529 daAuts
     D:7: 517 daAuts
     D:3: 443 daAuts
     D:9: 420 daAuts
     D:2: 396 daAuts
